 Dungeon Crawl Stone Soup version 0.14-a0-1590-g25a9b7f (webtiles) character file.

1169 M4edhros the Ducker (level 8, 0/52 HPs)
             Began as an Octopode Chaos Knight on Dec 23, 2013.
             Was a Plaything of Xom.
             Slain by a gnoll
             ... wielding a +0,+3 orcish hand axe
              (7 damage)
             ... on Level 4 of the Dungeon.
             The game lasted 00:12:49 (5127 turns).

M4edhros the Ducker (Octopode Chaos Knight)         Turns: 5127, Time: 00:12:49

HP   0/52        AC  1     Str 12      XL: 8   Next: 16%
MP   8/8         EV 15     Int 18      God: Xom
Gold 195         SH  0     Dex 11      Spells:  0 memorised,  7 levels left

rFire  + . .     SeeInvis .     t - +1 spear (chaos)
rCold  . . .     Clarity  .     (no shield)
rNeg   . . .     Conserve .     (helmet restricted)
rPois  .         rCorr    .     (no amulet)
rElec  .         rRot     .     m - ring of teleport control
SustAb . .       Spirit   .     q - ring of protection from magic
rMut   .         Warding  .     p - ring of protection from fire
Saprov . . .     Stasis   .     (no ring)
                                (no ring)
                                (no ring)
                                (no ring)
                                (no ring)

@: quite resistant to hostile enchantments, fairly stealthy
A: almost no armour, amphibious, 8 rings, constrict 8, camouflage 1, blurry
vision 1, clever 1, spit poison 1, gelatinous body 1
a: Spit Poison, Renounce Religion, Evoke Teleport Control


You were on level 4 of the Dungeon.
You worshipped Xom.
You were a plaything of Xom.
You were very hungry.

You visited 1 branch of the dungeon, and saw 6 of its levels.

You collected 195 gold pieces.

Inventory:

Hand weapons
 a - a +0,+0 flail
 k - a +0,+1 trident of protection
 t - a +1,+1 spear of chaos (weapon)
Missiles
 e - 7 javelins (quivered)
 s - 4 poisoned javelins
Magical devices
 n - a wand of teleportation (1)
Comestibles
 b - a meat ration
 c - 4 bread rations
 d - a choko
 h - 3 apples
Scrolls
 f - 4 scrolls of enchant weapon I
 j - 2 scrolls of remove curse {unknown}
 l - a scroll of amnesia
 o - a scroll of curse jewellery {unknown}
 u - a scroll of identify
 v - a scroll of blinking {unknown}
Jewellery
 m - a ring of teleport control (left tentacle)
 p - a ring of protection from fire (on tentacle)
 q - a ring of protection from magic (right tentacle)
Potions
 g - a potion of brilliance
 r - a potion of degeneration


   Skills:
 - Level 3.0 Fighting
 + Level 6.9 Polearms
 + Level 7.1 Dodging


You had 7 spell levels left.
You didn't know any spells.

Dungeon Overview and Level Annotations

Branches:
Dungeon (6/16)
 Temple: D:4-7

Altars:
Cheibriados
Kikubaaqudgha
Nemelex Xobeh
Okawaru
Xom

Shops:
D:4 [

Annotations:
D:5 wojtek's ghost, average TeGl
D:6 Blork the orc, Dowan, Duvessa


Innate Abilities, Weirdness & Mutations

You cannot wear most types of armour.
You are amphibious.
You can wear up to eight rings at the same time.
You can use your tentacles to constrict many enemies at once.
Your skin changes colour to match your surroundings (Stlth).
Your rubbery body absorbs attacks (AC +1).
Your vision is a little blurry.
Your mind is acute. (Int +2)
You can spit poison.


Message History

You feel strangely unstable. The gnoll barely misses you.
Your surroundings suddenly seem different.
A gnoll comes into view. It is wielding an orcish hand axe.
The gnoll shouts!
The gnoll throws a dart.
The dart misses you.
A gnoll comes into view. It is wielding a flail.
The gnoll shouts!
A gnoll comes into view. It is wielding a glowing halberd.
A gnoll comes into view. It is wielding a halberd.
The gnoll closely misses you. The gnoll closely misses you.
You hit the gnoll. You burn the gnoll. Your grab misses the gnoll.
The gnoll is moderately wounded.
The gnoll hits you with a halberd!
* * * LOW HITPOINT WARNING * * *
You are too injured to fight recklessly!
You barely miss the gnoll. Your grab misses the gnoll.
The gnoll is moderately wounded.
The gnoll hits you with an orcish hand axe!
You die...

.............########'#####.#
.).g...g....................#
..#######...................#
..# #..g................#####
.(# #........................
..# #.......................(
..# #..............##########
..# #......g.......# ..#
#.%....g@......# ..#
#...######.....# ..# #...#
#.....# ..# #...#
#.....########## ..# #...#
####............... ..# #...#
#......############ ..# #..g#
#.PP...# ..#######.%.#
#P..P..#
........%%.)###...P..#


You could see 3 gnolls.

Vanquished Creatures
  A wolf (shapeshifter) (D:2)
  A giant frog (D:4)
  A gnoll shaman (D:4)
  5 orc wizards (D:5)
  An iguana (D:4)
  2 worker ants (D:5)
  A sky beast zombie (D:5)
  An ogre skeleton (D:4)
  12 gnolls (D:4)
  6 adders
  A giant mite (D:3)
  4 worms
  2 adder zombies (D:4)
  A giant eyeball (D:5)
  3 giant geckos
  17 orcs
  A giant mite zombie (D:4)
  13 hobgoblins
  22 jackals
  9 kobolds
  3 quokkas
  13 bats
  6 giant cockroaches
  A giant gecko skeleton (D:4)
  8 giant newts
  A giant newt zombie (D:4)
  6 goblins
  A goblin zombie (D:4)
  A hobgoblin zombie (D:4)
  A kobold zombie (D:5)
  15 rats
160 creatures vanquished.

Vanquished Creatures (collateral kills)
  An ogre (D:4)
  A centaur (D:5)
  An orc wizard (D:5)
  2 hounds
  9 gnolls (D:4)
  An orc (D:5)
  2 bats (D:5)
17 creatures vanquished.

Vanquished Creatures (others)
  An iron imp (D:4)
  A worker ant (D:5)
  An ufetubus (D:4)
3 creatures vanquished.

Grand Total: 180 creatures vanquished

Notes
Turn   | Place    | Note
--------------------------------------------------------------
     0 | D:1      | M4edhros, the Octopode Chaos Knight, began the quest for the Orb.
     0 | D:1      | Reached XP level 1. HP: 16/16 MP: 1/1
    27 | D:1      | XOM: silly message
   100 | D:1      | Reached XP level 2. HP: 14/21 MP: 2/2
   455 | D:1      | XOM: silly message
   729 | D:2      | Reached XP level 3. HP: 26/26 MP: 3/3
   861 | D:2      | Noticed a wolf
   861 | D:2      | a kobold changed into a wolf
   863 | D:2      | Noticed a warg
   863 | D:2      | a wolf changed into a warg
   864 | D:2      | Noticed a mottled dragon
   864 | D:2      | a warg changed into a mottled dragon
   866 | D:2      | XOM: silly message
   866 | D:2      | Noticed a yellow wasp
   866 | D:2      | a mottled dragon changed into a yellow wasp
   868 | D:2      | Noticed a wolf
   868 | D:2      | a yellow wasp changed into a wolf
   872 | D:2      | XOM: harmless Fire miscast
   876 | D:2      | Killed a wolf
   876 | D:2      | Reached skill level 4 in Polearms
   876 | D:2      | Reached XP level 4. HP: 4/31 MP: 4/4
   876 | D:2      | Reached XP level 5. HP: 4/36 MP: 5/5
  1039 | D:2      | XOM: silly message
  1170 | D:2      | XOM: silly message
  1456 | D:2      | Found an iron altar of Okawaru.
  1466 | D:2      | Found a snail-covered altar of Cheibriados.
  1466 | D:2      | Found an ancient bone altar of Kikubaaqudgha.
  1476 | D:2      | Found a shimmering altar of Xom.
  1477 | D:2      | Found a sparkling altar of Nemelex Xobeh.
  1756 | D:3      | XOM: harmless Hex miscast
  1777 | D:3      | Reached XP level 6. HP: 29/42 MP: 6/6
  1915 | D:3      | Reached skill level 5 in Polearms
  2167 | D:3      | XOM: harmless Summ miscast
  2340 | D:3      | XOM: silly message
  2384 | D:4      | Reached skill level 5 in Dodging
  2387 | D:4      | Gained mutation: You can spit poison. [potion of mutation]
  2387 | D:4      | Gained mutation: Your vision is a little blurry. [potion of mutation]
  2387 | D:4      | Gained mutation: Your mind is acute. (Int +2) [potion of mutation]
  2479 | D:4      | XOM: divination: detect items
  2512 | D:4      | XOM: harmless Tloc miscast
  2598 | D:4      | Found Vofrogul's Armour Shop.
  2644 | D:4      | XOM: divination: magic mapping
  2914 | D:4      | XOM: potion effect (might)
  2917 | D:4      | XOM: harmless Divn miscast
  3124 | D:4      | XOM: swap weapons
  3347 | D:4      | XOM: mild Divn miscast
  3348 | D:4      | XOM: polymorph gnoll sergeant -> giant frog
  3349 | D:4      | XOM: summons friendly shadow imp
  3352 | D:4      | Reached XP level 7. HP: 26/46 MP: 7/7
  3376 | D:4      | XOM: polymorph shadow imp -> iron imp
  3520 | D:4      | XOM: inner flame monster(s)
  3621 | D:4      | Reached skill level 6 in Dodging
  3656 | D:4      | XOM: summons 4 friendly demons
  3670 | D:4      | You fall through a shaft for 2 floors!
  3677 | D:6      | Noticed Duvessa
  3685 | D:6      | Noticed Dowan
  3728 | D:6      | Noticed Blork the orc
  3732 | D:5      | Entered Level 5 of the Dungeon
  3740 | D:5      | Noticed wojtek's ghost (average TeGl)
  3740 | D:5      | XOM: enchant monster (good)
  3759 | D:5      | XOM: potion effect (heal wounds)
  3762 | D:5      | XOM: potion effect (agility)
  3824 | D:5      | XOM: mild Conj miscast
  4245 | D:5      | XOM: enchant monster (good)
  4364 | D:5      | Found an iron altar of Okawaru.
  4457 | D:5      | XOM: cast spell 'Summon Swarm'
  4553 | D:5      | Reached XP level 8. HP: 52/52 MP: 8/8
  4661 | D:5      | Reached skill level 7 in Dodging
  4685 | D:5      | XOM: mild Ice miscast
  5021 | D:4      | HP: 1/52 [gnoll/spear (7)]
  5127 | D:4      | Slain by a gnoll

Action                   |  1- 3 |  4- 6 |  7- 9 || total
-------------------------+-------+-------+-------++-------
Melee: Spear             |    80 |   224 |   152 ||   456
       Flail             |       |     5 |       ||     5
       Trident           |       |       |    10 ||    10
 Abil: Spit Poison       |       |     1 |       ||     1
       Evoke Teleport Co |       |     1 |       ||     1
Evoke: Wand              |       |       |     5 ||     5
  Use: Potion            |     3 |     3 |     3 ||     9
       Scroll            |       |     8 |     3 ||    11
 Stab: Sleeping          |     6 |    12 |     3 ||    21
       Paralysed         |     1 |     1 |     2 ||     4
       Distracted        |     1 |     1 |     1 ||     3
       Confused          |     1 |       |       ||     1
       Petrifying        |       |       |     1 ||     1
